 Dungeon Crawl Stone Soup version 0.16.1-29-g3e760ad (webtiles) character file.

369 Krapule the Insei (level 6, -2/42 HPs)
             Began as an Octopode Transmuter on June 7, 2015.
             Was a Follower of Dithmenos.
             Killed from afar by an orc wizard (7 damage)
             ... with a puff of flame
             ... on level 4 of the Dungeon.
             The game lasted 00:23:41 (3848 turns).

Krapule the Insei (Octopode Transmuter)             Turns: 3848, Time: 00:23:41

Health: -2/42      AC:  1    Str:  9    XL:     6   Next: 70%
Magic:  11/11      EV: 13    Int: 16    God:    Dithmenos [*.....]
Gold:   155        SH:  0    Dex: 14    Spells: 2 memorised, 6 levels left

rFire  . . .     SeeInvis .       - Unarmed
rCold  . . .     Clarity  .     (no shield)
rNeg   . . .     SustAb   +     (helmet restricted)
rPois  .         Gourm    .     (no amulet)
rElec  .         Spirit   .     i - ring of sustain abilities
rCorr  .         Warding  .     (no ring)
rMut   .         Stasis   .     (no ring)
MR     .....                    (no ring)
Stlth  ++++......               (no ring)
                                (no ring)
                                (no ring)
                                (no ring)

@: wreathed by umbra, not resistant to hostile enchantments, stealthy
A: almost no armour, amphibious, 8 rings, constrict 8, camouflage 1, gelatinous
body 1
a: Renounce Religion


You were on level 4 of the Dungeon.
You worshipped Dithmenos.
Dithmenos was aware of your devotion.
You were not hungry.

You visited 1 branch of the dungeon, and saw 4 of its levels.

You collected 155 gold pieces.

Inventory:

Missiles
 b - 66 arrows
Jewellery
 i - a ring of sustain abilities (left tentacle)
 t - a +6 ring of intelligence {unknown}
Scrolls
 f - 4 scrolls of recharging {unknown}
 g - 2 scrolls of blinking {unknown}
 h - a scroll of fear {unknown}
 j - a scroll of noise {unknown}
 k - a scroll of fog {unknown}
 m - a scroll of enchant armour {unknown}
 o - 4 scrolls of identify {unknown}
 q - 3 scrolls of remove curse {unknown}
 r - a scroll of amnesia {unknown}
 s - a scroll of teleportation {unknown}
Potions
 e - a potion of haste
 l - 2 potions of flight {unknown}
 p - a potion of might
 v - a potion of magic {unknown}
Books
 d - a book of Changes

   Spells                             Type                      Level
   a - Beastly Appendage              Transmutation                1
   b - Sticks to Snakes               Transmutation                2
   c - Spider Form                    Transmutation/Poison         3
   d - Ice Form                       Ice/Transmutation            4
   e - Blade Hands                    Transmutation                5
Comestibles
 a - 2 bread rations
 c - 3 meat rations
 n - a slice of pizza
 u - a beef jerky


   Skills:
 + Level 3.0 Fighting
 + Level 3.4 Dodging
 - Level 3.0 Stealth
 - Level 4.0 Unarmed Combat
 + Level 2.6 Spellcasting
 + Level 3.7 Transmutations


You had 6 spell levels left.
You knew the following spells:

 Your Spells              Type           Power        Failure   Level  Hunger
a - Beastly Appendage     Trmt           ##....       6%          1    #......
b - Spider Form           Trmt/Pois      #.........   28%         3    ###....


Dungeon Overview and Level Annotations

Branches:
Dungeon (4/15)
 Temple: D:4-7

Altars:
Dithmenos
Sif Muna

Annotations:
D:4 Vojta's ghost, average DDFi


Innate Abilities, Weirdness & Mutations

You cannot wear most types of armour.
You are amphibious.
You can wear up to eight rings at the same time.
You can use your tentacles to constrict many enemies at once.
Your skin changes colour to match your surroundings (Stealth).
Your rubbery body absorbs attacks (AC +1).


Message History

The orc wizard points at you and mumbles some strange words.
You resist with some effort.
You see here a quokka corpse.
The orc wizard gestures at you while chanting.
You are confused.
You bump into the rock wall.
You bump into the rock wall.
You feel less confused.
The orc wizard points at you and mumbles some strange words.
You are confused.
You bump into the rock wall.
You bump into the rock wall.
You bump into the rock wall.
The orc wizard gestures at you while chanting.
The puff of flame hits you!
* * * LOW HITPOINT WARNING * * *
You feel less confused. The orc wizard casts a spell at you.
The puff of flame hits you!
You die...

... .. ...... #. .s...# s
#.. #.#..# #..#
#..##.#..###..##
.###..#...........#
.........#..###...#
#.........##...#
#...@.o.h†.....####.#
#.....K.............#
#...###.#.####.#### #. #...#
#.#.# #W######
#.#.###...###.#o# #Ko†...#
#.............#.#########.#
......##...#####.K...oKh...#
#......)<..# ###########.#
#........### #.#


You could see an orc wizard, a jackal, a giant cockroach (wandering) and a
kobold.

Vanquished Creatures
  A scorpion (D:4)
  Crazy Yiuf (D:3)
  3 orc priests (D:3)
  An orc wizard (D:4)
  3 adders
  4 gnolls (D:2)
  A giant mite (D:3)
  A worm (D:2)
  3 giant geckos
  13 orcs
  3 ball pythons
  4 giant cockroaches
  8 hobgoblins
  2 jackals (D:4)
  7 kobolds
  2 quokkas
  10 bats
  4 giant newts (D:2)
  6 goblins
  6 rats
83 creatures vanquished.

Notes
Turn   | Place    | Note
--------------------------------------------------------------
     0 | D:1      | Krapule, the Octopode Transmuter, began the quest for the Orb.
     0 | D:1      | Reached XP level 1. HP: 13/13 MP: 3/3
   481 | D:1      | Reached skill level 1 in Stealth
   508 | D:1      | Reached XP level 2. HP: 12/18 MP: 4/4
  1022 | D:2      | Reached XP level 3. HP: 23/23 MP: 6/6
  1215 | D:2      | HP: 1/23 [gnoll (9)]
  1555 | D:2      | Reached XP level 4. HP: 27/29 MP: 7/7
  2407 | D:3      | Found a shadowy altar of Dithmenos.
  2419 | D:3      | Became a worshipper of Dithmenos the Shadowed
  2614 | D:3      | Learned a level 3 spell: Spider Form
  2678 | D:3      | Reached XP level 5. HP: 34/34 MP: 9/9
  2995 | D:3      | Reached skill level 4 in Unarmed Combat
  2995 | D:3      | Reached XP level 6. HP: 28/41 MP: 2/11
  3229 | D:3      | Noticed Crazy Yiuf
  3240 | D:3      | Killed Crazy Yiuf
  3289 | D:3      | Found a deep blue altar of Sif Muna.
  3648 | D:4      | Noticed Vojta's ghost (average DDFi)
  3848 | D:4      | Killed from afar by an orc wizard

Action                   |  1- 3 |  4- 6 || total
-------------------------+-------+-------++-------
Melee: Unarmed           |    62 |   156 ||   218
 Cast: Beastly Appendage |       |     1 ||     1
       Spider Form       |       |     5 ||     5
  Use: Potion            |     1 |     3 ||     4
 Stab: Sleeping          |     2 |    11 ||    13
  Eat: Chunk             |     1 |     9 ||    10
